 Dungeon Crawl Stone Soup version 0.23.0-3-gf3c87f2 (webtiles) character file.

Game seed: 3546561724335711176

267 xccam the Ruffian (level 6, -10/59 HPs)
             Began as a Troll Monk on Feb 22, 2019.
             Mangled by an ogre
             ... wielding a +0 giant club
              (27 damage)
             ... on level 4 of the Dungeon on Feb 23, 2019.
             The game lasted 00:04:41 (2074 turns).

xccam the Ruffian (Troll Monk)                      Turns: 2074, Time: 00:04:42

Health: -10/59     AC:  6    Str: 22    XL:     6   Next: 0%
Magic:  5/5        EV: 10    Int:  6    God:
Gold:   97         SH:  0    Dex: 12    Spells: 5/5 levels left

rFire    . . .     SeeInvis .     - Unarmed
rCold    . . .     Gourm    +   (no shield)
rNeg     . . .     Faith    .   a - +0 robe
rPois    .         Spirit   .   (helmet restricted)
rElec    .         Reflect  .   (no cloak)
rCorr    .         Harm     .   (gloves unavailable)
MR       +....     Rnd*Tele +   (boots unavailable)
Stlth    ++........             (no amulet)
HPRegen  0.59/turn              i - ring of protection from magic
MPRegen  0.09/turn              m - ring of teleportation (curse)

@: lethally poisoned (-10 -> -11), starving
A: large, unfitting armour, claws 3, fast metabolism 3, gourmand, regeneration
1, shaggy fur 1, tough skin 3
a: no special abilities


You were on level 4 of the Dungeon.
You were starving.

You visited 1 branch of the dungeon, and saw 4 of its levels.

You collected 97 gold pieces.

Inventory:

Armour
 a - a +0 robe (worn)
Jewellery
 c - a cursed ring of attention {unknown}
 d - an uncursed ring of magical power
 h - an uncursed ring of magical power
 i - a ring of protection from magic (left claw)
 m - a cursed ring of teleportation (right claw)
Wands
 n - a wand of paralysis (3)
Scrolls
 e - a scroll of immolation
 g - 2 scrolls of identify
 p - a scroll of remove curse {unknown}
Potions
 f - a potion of degeneration
 j - a potion of flight
 k - 2 potions of mutation {unknown}
 l - 2 potions of lignification {unknown}
 o - 2 potions of curing {unknown}
Comestibles
 b - 10 rations


   Skills:
 - Level 2.4 Fighting
 - Level 2.4 Dodging
 - Level 1.0 Stealth
 + Level 6.8 Unarmed Combat


You had 5 spell levels left.
You didn't know any spells.
Your spell library contained the following spells:

 Spells                   Type           Power        Failure   Level  Hunger
 Magic Dart               Conj           #...         45%         1    ##.....
 Blink                    Tloc           N/A          58%         2    ###....
 Call Imp                 Summ           #.......     58%         2    ###....
 Slow                     Hex            #.......     58%         2    ###....
 Conjure Flame            Conj/Fire      #.......     83%         3    ####...
 Mephitic Cloud           Conj/Pois/Air  #.......     83%         3    ####...


Dungeon Overview and Level Annotations

Branches:
Dungeon (4/15)
 Temple: D:4-7

Altars:
Cheibriados
Dithmenos
Trog

Shops:
D:4 *


Innate Abilities, Weirdness & Mutations

You are too large for most types of armour.
You have claws for hands.
Your metabolism is lightning-fast.
You like to eat raw meat.
Your natural rate of healing is unusually fast.
You are covered in fur. (AC +1)
You have extremely tough skin. (AC +3)


Message History

The hound barks!
You feel sick.
You hear an angry hiss.
Evoke which item? (* to show all) (? for menu, Esc to quit)
Aiming: Paralyse
Press: ? - help, Shift-Dir - straight line, f/p - ogre
Aim: an ogre, wielding a +0 giant club (chance to defeat MR: 46%)
The ogre resists with some effort.
The ogre hits you with a +0 giant club!
* * * LOW HITPOINT WARNING * * *
Evoke which item? (* to show all) (? for menu, Esc to quit)
Aiming: Paralyse
Press: ? - help, Shift-Dir - straight line, f/p - ogre
Aim: an ogre, wielding a +0 giant club (chance to defeat MR: 46%)
The ogre resists with some effort.
You feel sick. The ogre barely misses you.
You scratch the ogre.
The ogre is lightly wounded.
You claw the ogre!
The ogre is severely wounded.
The ogre hits you with a +0 giant club!!
You die...

#..##.... .#
##....... ..#.
#........ ...[#
.#....... .....#
........##......
......=.......
.........##.#
#..O....###..
##.@.........
#.h..##....
.....#.........
................
.................
....#....#.#....#
.####......#...##
#...##.. ..# ....
.. ...


You could see an ogre and a hound.

Vanquished Creatures
  A howler monkey (D:4)
  Jessica (D:3)
  An iguana (D:4)
  2 orc wizards (D:4)
  2 adders (D:3)
  An ooze (D:1)
  3 worms
  3 dart slugs (D:1)
  2 leopard geckos (D:1)
  4 orcs
  3 giant cockroaches
  9 goblins
  4 hobgoblins
  13 jackals
  10 kobolds
  3 quokkas (D:3)
  10 bats
  4 frilled lizards
  6 rats
82 creatures vanquished.

Vanquished Creatures (others)
  A plant (D:3)
1 creature vanquished.

Grand Total: 83 creatures vanquished

Notes
Turn   | Place    | Note
-------+----------+-------------------------------------------
     0 | D:1      | xccam the Troll Monk began the quest for the Orb.
     0 | D:1      | Reached XP level 1. HP: 22/22 MP: 0/0
   156 | D:1      | Reached XP level 2. HP: 29/29 MP: 1/1
   309 | D:1      | Reached skill level 4 in Unarmed Combat
   398 | D:1      | Reached XP level 3. HP: 36/36 MP: 2/2
   431 | D:1      | You fall through a shaft!
   856 | D:2      | Found a bloodstained altar of Trog.
  1309 | D:3      | Reached skill level 5 in Unarmed Combat
  1309 | D:3      | Reached XP level 4. HP: 28/44 MP: 3/3
  1400 | D:3      | Found a snail-covered altar of Cheibriados.
  1438 | D:3      | Noticed Jessica
  1452 | D:3      | Killed Jessica
  1489 | D:3      | Found a shadowy altar of Dithmenos.
  1729 | D:3      | Reached XP level 5. HP: 50/50 MP: 4/4
  2025 | D:4      | Found Situkipn's Assorted Antiques.
  2043 | D:4      | Reached skill level 6 in Unarmed Combat
  2061 | D:4      | Reached XP level 6. HP: 30/59 MP: 5/5
  2074 | D:4      | Mangled by an ogre

Skill      XL: |  1  2  3  4  5 |
---------------+----------------+-----
Unarmed Combat | 4 5 6 |  6.8
Fighting       | |  2.4
Dodging        | |  2.4
Stealth        | |  1.0

Action                   |  1- 3 |  4- 6 || total
-------------------------+-------+-------++-------
Melee: Unarmed           |    81 |   115 ||   196
       Punch             |     3 |     6 ||     9
Evoke: Wand              |       |     5 ||     5
  Use: Scroll            |     7 |       ||     7
 Stab: Sleeping          |     3 |       ||     3
  Eat: Chunk             |     9 |     5 ||    14
Armor: Robe              |    35 |    36 ||    71
Dodge: Dodged            |    38 |    48 ||    86
